 Dungeon Crawl Stone Soup version 0.25-a0-294-gea9b1ad378 (webtiles) character file.

Game seed: 812214919556510977, levelgen mode: classic

10919 Borgoz the Basher (level 11, -2/108 HPs)
             Began as a Gargoyle Fighter on Dec 18, 2019.
             Was a High Priest of Okawaru.
             Slain by a vault guard
             ... wielding a +0 halberd
              (6 damage)
             ... on level 14 of the Dungeon.
             The game lasted 00:21:35 (12682 turns).

Borgoz the Basher (Gargoyle Fighter)               Turns: 12682, Time: 00:21:35

Health: -2/108     AC: 16    Str: 25    XL:     11   Next: 69%
Magic:  22/22      EV: 11    Int: 10    God:    Okawaru [*****.]
Gold:   634        SH: 12    Dex: 11    Spells: 10/10 levels left

rFire    . . .     SeeInvis .   G - +2 flail (holy)
rCold    . . .     Gourm    .   c - +0 shield
rNeg     + + .     Faith    .   p - +0 acid dragon scales
rPois    ∞         Spirit   .   (no helmet)
rElec    +         Reflect  .   (no cloak)
rCorr    +         Harm     .   (no gloves)
MR       .....                  (no boots)
Stlth    ..........             (no amulet)
HPRegen  0.28/turn              j - ring of positive energy
MPRegen  0.18/turn              t - ring of magical power

@: berserking, very quick
A: negative energy resistance 1, electricity resistance, unbreathing,
petrification resistance, rot immunity, AC +8
a: Heroism, Finesse, Renounce Religion


You were on level 14 of the Dungeon.
You worshipped Okawaru.
Okawaru was extremely pleased with you.
You were very hungry.

You visited 2 branches of the dungeon, and saw 13 of its levels.
You also visited: Ossuary.

You collected 634 gold pieces.

Inventory:

Hand Weapons
 G - a +2 flail of holy wrath (weapon)
Armour
 c - a +0 shield (worn)
 i - the +0 chain mail "Husm" {rElec rF+ rC- Int+5}
   (You found it on level 9 of the Dungeon)

   It affects your intelligence (+5).
   It protects you from fire.
   It makes you vulnerable to cold.
   It insulates you from electricity.
 p - +0 acid dragon scales (worn)
Jewellery
 j - a ring of positive energy (left hand)
 t - a ring of magical power (right hand)
Wands
 a - a wand of random effects (22)
 w - a wand of clouds (8)
 y - a wand of acid (11)
 B - a wand of iceblast (5)
Scrolls
 d - a scroll of torment {unknown}
 e - 2 scrolls of fog {unknown}
 g - 3 scrolls of teleportation
 k - a scroll of immolation {unknown}
 l - a scroll of silence {unknown}
 n - 4 scrolls of blinking {unknown}
 o - 2 scrolls of enchant weapon
 q - 3 scrolls of amnesia {unknown}
 r - a scroll of identify
 v - 5 scrolls of remove curse
 x - 4 scrolls of magic mapping {unknown}
 E - a scroll of acquirement {unknown}
 F - 2 scrolls of noise {unknown}
Potions
 h - 4 potions of curing
 m - 9 potions of mutation
 s - 3 potions of agility
 u - a potion of cancellation
 z - 2 potions of ambrosia
 A - a potion of flight
 C - 2 potions of magic
 I - a potion of might
Comestibles
 f - 13 rations


   Skills:
 * Level 9.7 Fighting
 * Level 10.2 Maces & Flails
 * Level 9.6 Armour
 + Level 3.2 Dodging
 * Level 9.7 Shields
 + Level 3.2 Invocations


You had 10 spell levels left.
You didn't know any spells.
Your spell library contained the following spells:

 Spells                   Type           Power        Failure   Level  Hunger
 Animate Skeleton         Necr           N/A          65%         1    ##.....
 Corona                   Hex            #......      65%         1    ##.....
 Magic Dart               Conj           #...         65%         1    ##.....
 Pain                     Necr           #...         65%         1    ##.....
 Blink                    Tloc           N/A          80%         2    ###....
 Call Imp                 Summ           #.......     80%         2    ###....
 Ensorcelled Hibernation  Hex/Ice        #.....       80%         2    ###....
 Slow                     Hex            #.......     80%         2    ###....
 Confuse                  Hex            #.......     95%         3    ####...
 Conjure Flame            Conj/Fire      #.......     95%         3    ####...
 Dazzling Flash           Conj/Hex       #.....       95%         3    ####...
 Mephitic Cloud           Conj/Pois/Air  #.......     95%         3    ####...
 Regeneration             Chrm/Necr      #.........   95%         3    ####...
 Tukima's Dance           Hex            #.......     95%         3    ####...
 Vampiric Draining        Necr           #.........   95%         3    ####...
 Animate Dead             Necr           N/A          100%        4    #####..


Dungeon Overview and Level Annotations

Branches:
Dungeon (11/15)            Temple (1/1) D:7            Lair (0/6) D:8
 Vaults (0/5) D:14        Ossuary (visited)
    Orc: D:9-12

Altars:
Ashenzari
Cheibriados
Dithmenos
Elyvilon
Fedhas
Gozag
Hepliaklqana
Kikubaaqudgha
Makhleb
Nemelex Xobeh
Okawaru
Qazlal
Ru
Sif Muna
Trog
Uskayaw
Vehumet
Wu Jian
Xom
Yredelemnul
Zin
The Shining One

Shops:
D:3 *   D:5 (   D:7 [=

Annotations:
D:6 4 runed translucent doors, Borgoz's ghost, novice GrGl; Crazy Yiuf


Innate Abilities, Weirdness & Mutations

You are resistant to torment.
Your stone body is resilient. (AC +8)
You are immune to poison.
You resist negative energy. (rN+)
You are resistant to electric shocks. (rElec)
You can survive without breathing.
You are immune to petrification.
You are immune to rotting.


Message History

You hit the catoblepas.
The catoblepas is severely wounded.
The crimson imp blinks!
You hit the catoblepas but do no damage.
The catoblepas is severely wounded.
The vault guard closely misses you. The catoblepas gores you.
* * * LOW HITPOINT WARNING * * *
You hit the catoblepas but do no damage.
The catoblepas is severely wounded.
The vault guard hits you from afar with a +0 halberd!
* * * LOW HITPOINT WARNING * * *
You barely miss the catoblepas.
The catoblepas is severely wounded.
You block the catoblepas's attack.
You thump the catoblepas!
The catoblepas is almost dead.
The catoblepas gores you!
* * * LOW HITPOINT WARNING * * *
The vault guard hits you from afar with a +0 halberd.
You die...

########################
........................
.......@# ..........
#..####Y# #........ #..
#p# #.>...... #.5# #p#
#. #........ #..# #p#
#.# #........ #..# #p#
#.# #........ # #..# #§#
#.# #........ ##..
#..####5# #.# #........
.....#.......#
#.####........


You could see a catoblepas, 4 vault guards and a crimson imp.

Vanquished Creatures
  Gastronok (D:11)
  A hydra (D:11)
  2 two-headed ogres (D:10)
  A manticore (D:14)
  A troll (D:10)
  A queen bee (D:9)
  A hornet (D:10)
  A hippogriff (D:11)
  A vampire (D:11)
  3 wyverns
  A hungry ghost (D:7)
  A steam dragon (D:7)
  2 acid dragons
  2 water moccasins
  A sky beast (D:10)
  2 ice beasts
  3 orc warriors
  3 centaurs
  2 ogres
  2 necrophages
  3 big kobolds
  An elf zombie (Ossuary)
  A wyvern zombie (D:10)
  6 bullfrogs
  5 scorpions
  26 killer bees
  4 wights (D:10)
  A howler monkey (D:4)
  2 centaur zombies (D:9)
  4 crimson imps
  A quasit (D:7)
  2 human zombies (Ossuary)
  2 bullfrog zombies (D:7)
  2 hounds
  3 jellies
  5 orc wizards
  3 orc priests
  A bullfrog skeleton (D:9)
  4 centaur skeletons
  4 iguanas
  7 worker ants
  A killer bee zombie (D:5)
  A big kobold zombie (Ossuary)
  A hound zombie (Ossuary)
  A hound skeleton (D:4)
  4 mummies (Ossuary)
  A worker ant zombie (D:10)
  14 adders
  2 shadow imps (D:7)
  2 oozes
  2 adder zombies
  A worm (D:3)
  3 dart slugs
  6 leopard geckos
  17 orcs
  4 giant cockroaches
  15 goblins
  4 hobgoblins
  20 jackals
  7 quokkas
  A ball python (D:1)
  11 bats
  8 frilled lizards
  A giant cockroach zombie (D:5)
  3 gnoll zombies
  A hobgoblin zombie (Ossuary)
  A jackal zombie (Ossuary)
  18 kobolds
  A leopard gecko skeleton (D:7)
  2 orc zombies (Ossuary)
  A quokka skeleton (D:4)
  8 rats
  A rat zombie (Ossuary)
282 creatures vanquished.

Notes
Turn   | Place    | Note
-------+----------+-------------------------------------------
     0 | D:1      | Borgoz the Gargoyle Fighter began the quest for the Orb.
     0 | D:1      | Reached XP level 1. HP: 14/14 MP: 1/1
   105 | D:1      | Reached XP level 2. HP: 19/19 MP: 2/2
   464 | D:1      | Reached XP level 3. HP: 16/23 MP: 3/3
   989 | D:2      | Reached skill level 3 in Maces & Flails
   989 | D:2      | Reached XP level 4. HP: 25/29 MP: 4/4
  1031 | D:2      | Found a hazy altar of Hepliaklqana.
  1432 | D:2      | Found a basalt altar of Yredelemnul.
  1613 | D:3      | Reached XP level 5. HP: 28/33 MP: 5/5
  1958 | D:3      | Found an opulent altar of Gozag.
  1962 | D:3      | Found Gozag's Platinum Reserve.
  2532 | D:3      | Found a sparkling altar of Nemelex Xobeh.
  2672 | D:4      | Found a sand-covered staircase.
  2687 | Ossuary  | Entered an ossuary
  2711 | Ossuary  | Reached skill level 4 in Maces & Flails
  2711 | Ossuary  | Reached XP level 6. HP: 24/38 MP: 6/6
  3323 | D:4      | Reached XP level 7. HP: 40/44 MP: 7/7
  3326 | D:4      | Found a bloodstained altar of Trog.
  3413 | D:4      | Reached skill level 5 in Maces & Flails
  3413 | D:4      | Reached skill level 5 in Shields
  3470 | D:4      | Found a blossoming altar of Fedhas.
  3518 | D:4      | Reached skill level 5 in Fighting
  3530 | D:4      | Reached skill level 5 in Armour
  3715 | D:4      | Found a shimmering blue altar of Sif Muna.
  3912 | D:5      | Entered Level 5 of the Dungeon
  3960 | D:5      | Found Anusuul's Weapon Boutique.
  4765 | D:6      | Reached XP level 8. HP: 48/49 MP: 8/8
  4952 | D:6      | Noticed Borgoz's ghost (novice GrGl)
  4979 | D:6      | Reached skill level 6 in Maces & Flails
  5067 | D:6      | Found a runed translucent gate.
  5067 | D:6      | Found a runed translucent gate.
  5067 | D:6      | Found a runed translucent gate.
  5209 | D:6      | Found a glowing silver altar of Zin.
  5304 | D:6      | Found a runed translucent door.
  5305 | D:6      | Noticed Crazy Yiuf
  5419 | D:6      | Found a hide-covered altar of Uskayaw.
  5591 | D:7      | Found Zuefomuy's Jewellery Emporium.
  5949 | D:7      | Reached skill level 7 in Maces & Flails
  6066 | D:7      | Found a staircase to the Ecumenical Temple.
  6248 | Temple   | Entered the Ecumenical Temple
  6319 | Temple   | Became a worshipper of Warmaster Okawaru
  6499 | D:7      | Reached XP level 9. HP: 44/56 MP: 9/9
  6977 | D:7      | Found Lalif's Armour Shop.
  7276 | D:7      | Found an ornate altar of the Wu Jian Council.
  7441 | D:8      | Reached * piety under Okawaru
  7455 | D:8      | Reached skill level 8 in Maces & Flails
  7695 | D:8      | Found a staircase to the Lair.
  7954 | D:9      | Found a shattered altar of Ashenzari.
  7955 | D:9      | Found an ancient bone altar of Kikubaaqudgha.
  8021 | D:9      | Got a bloodstained chain mail
  8032 | D:9      | Identified the +0 chain mail "Husm" {rElec rF+ rC- Int+5}
                  | (You found it on level 9 of the Dungeon)
  8099 | D:9      | Found a snail-covered altar of Cheibriados.
  8138 | D:9      | Reached ** piety under Okawaru
  8198 | D:9      | Reached skill level 1 in Dodging
  8198 | D:9      | Reached XP level 10. HP: 32/63 MP: 10/10
  8578 | D:9      | Reached skill level 9 in Maces & Flails
  8976 | D:10     | Entered Level 10 of the Dungeon
  9110 | D:10     | Reached *** piety under Okawaru
  9939 | D:10     | Noticed a two-headed ogre
  9960 | D:10     | Killed a two-headed ogre
  9960 | D:10     | Reached skill level 1 in Invocations
 10198 | D:10     | Reached **** piety under Okawaru
 10571 | D:10     | Noticed a two-headed ogre
 10583 | D:10     | HP: 1/65 [two-headed ogre/+0 giant spiked club (17)]
 10587 | D:10     | Killed a two-headed ogre
 10587 | D:10     | Reached XP level 11. HP: 32/71 MP: 12/12
 11548 | D:11     | Noticed Gastronok
 11576 | D:11     | Killed Gastronok
 11576 | D:11     | Reached ***** piety under Okawaru
 11576 | D:11     | Reached skill level 10 in Maces & Flails
 11820 | D:11     | Noticed a five-headed hydra
 11831 | D:11     | Killed a five-headed hydra
 12094 | D:11     | You fall into a shaft and drop 3 floors!
 12143 | D:14     | Noticed a manticore
 12159 | D:14     | Killed a manticore
 12436 | D:14     | Found a stormy altar of Qazlal.
 12605 | D:14     | Found a gate to the Vaults.
 12605 | D:14     | Noticed a catoblepas
 12605 | D:14     | Noticed a vault guard
 12605 | D:14     | Noticed a vault guard
 12605 | D:14     | Noticed a vault guard
 12605 | D:14     | Noticed a vault guard
 12605 | D:14     | Noticed a catoblepas
 12605 | D:14     | Noticed a catoblepas
 12682 | D:14     | HP: 4/108 [catoblepas (8)]
 12682 | D:14     | Slain by a vault guard

Levels and vault maps discovered:
D:1:      noname_arrival_rooms_in_the_neighbourhood, layout_basic,
          minmay_misc_feat_columns, chequers_serial_rivers_micro_a
D:2:      layout_loops_ring, old_standard_altar, lemuel_zombie_altar_yredelemnul
D:3:      minmay_chambers_of_twos, layout_basic,
          nicolae_gozag_zags_fifth_avenue, kennysheep_decorative_pillar,
          minmay_misc_feat_pillars, nemelex_dance_club_becter
D:4:      layout_loops_ring, bloody_trog, lemuel_blue_sif_altar,
          overflow_temple_1_default, nicolae_ossuary_entry_ruins
D:5:      cheibrodos_quashed, layout_layer_cave, serial_shops, shop,
          first_ration
D:6:      layout_loops_ring, kennysheep_little_box, zin_statuary,
          gammafunk_ghost_icy, uniq_crazy_yiuf_cottage
D:7:      layout_gridville, lemuel_coloured_pillars_altar, temple_pool_b,
          serial_shops, shop, shop
D:8:      layout_rooms, dpeg_oklobed_lair, hex_tiny
D:9:      layout_roguey, cheibriados_altar_1, gammafunk_temple_overflow_pools,
          david_nohive_1
D:10:     layout_layer_cave
D:11:     layout_loops_corners, david_orc_5, ebering_ghost_inner_flame,
          uniq_gastronok
D:14:     layout_long_grid, lightli_vaults_fourway_checkpoint, basic_altar,
          kennysheep_flooded_box
Temple:   zaba_magenta_temple

Skill      XL: |  1  2  3  4  5  6  7  8  9 10 11 |
---------------+----------------------------------+-----
Maces & Flails | 3 4 5 7 8 9 10 | 10.2
Shields        | 4 5 6 7 9 |  9.7
Armour         | 4 5 6 7 8 9 |  9.6
Fighting       | 4 5 6 7 9 |  9.7
Dodging        | 1 2 3 |  3.2
Invocations    | 2 3 |  3.2

Action                   |  1- 3 |  4- 6 |  7- 9 | 10-12 || total
-------------------------+-------+-------+-------+-------++-------
Melee: Flail             |   172 |   294 |   584 |   494 ||  1544
Throw: Throwing net      |       |       |     1 |     3 ||     4
Invok: Heroism           |       |       |       |     5 ||     5
Evoke: Wand              |       |       |       |     9 ||     9
  Use: Scroll            |       |     9 |     5 |     2 ||    16
       Potion            |       |     3 |     4 |     4 ||    11
 Stab: Invisible         |       |     5 |       |       ||     5
       Held in net/web   |       |       |     1 |     1 ||     2
       Paralysed         |       |       |       |     4 ||     4
  Eat: Chunk             |     1 |     6 |    13 |    11 ||    31
       Ration            |       |       |     5 |     1 ||     6
Armor: Scale mail        |   131 |   189 |   311 |   149 ||   780
       Chain mail        |       |       |     1 |       ||     1
       Acid dragon scale |       |       |       |    60 ||    60
Dodge: Dodged            |    47 |   219 |   182 |   191 ||   639
Block: Shield            |   113 |   228 |   343 |   303 ||   987

Table legend:
 A = Non-vault XP
 B = Vault XP
 C = Vault XP percentage of total XP
 D = Non-vault monster count
 E = Vault monster count
 F = Vault count percentage of total count
                 A         B        C        D         E       F
            +---------+---------+-------+---------+---------+-------
      Total |   11910 |    3689 |  23.6 |     238 |      44 |  15.6
            +---------+---------+-------+---------+---------+-------
        D:1 |      48 |       0 |   0.0 |      26 |       0 |   0.0
        D:2 |     106 |       2 |   1.9 |      36 |       2 |   5.3
        D:3 |      66 |      34 |  34.0 |      17 |      10 |  37.0
        D:4 |     374 |       0 |   0.0 |      19 |       0 |   0.0
        D:5 |     248 |       0 |   0.0 |      11 |       0 |   0.0
        D:6 |     327 |       0 |   0.0 |      10 |       0 |   0.0
        D:7 |    1372 |       0 |   0.0 |      25 |       0 |   0.0
        D:8 |     336 |       0 |   0.0 |      10 |       0 |   0.0
        D:9 |    1222 |    1172 |  49.0 |      23 |      15 |  39.5
       D:10 |    4129 |       0 |   0.0 |      34 |       0 |   0.0
       D:11 |    2677 |    2172 |  44.8 |      20 |       1 |   4.8
       D:14 |     835 |       0 |   0.0 |       4 |       0 |   0.0
     Temple |     170 |       0 |   0.0 |       3 |       0 |   0.0
    Ossuary |       0 |     309 | 100.0 |       0 |      16 | 100.0
            +---------+---------+-------+---------+---------+-------
